 Dungeon Crawl Stone Soup version 0.22.1-1-ga44c0e5 (webtiles) character file.

3668 Irenicus the Reanimator (level 9, -2/75 HPs)
             Began as a Deep Dwarf Necromancer on Sept 29, 2018.
             Slain by an Executioner (22 damage)
             ... on level 1 of the Abyss.
             The game lasted 00:40:40 (3980 turns).

Irenicus the Reanimator (Deep Dwarf Necromancer)    Turns: 3980, Time: 00:40:43

Health: -2/75      AC: 11    Str: 11 (12) XL:     9   Next: 89%
Magic:  18/18      EV: 12    Int: 19 (20) God:
Gold:   234        SH:  0    Dex: 15 (16) Spells: 12/21 levels left

rFire    + . .     SeeInvis .   m - +5 dagger (elec)
rCold    . . .     Gourm    .   (no shield)
rNeg     . . .     Faith    .   d - +1 leather armour
rPois    .         Spirit   .   h - +2 helmet
rElec    .         Reflect  .   u - +0 cloak
rCorr    .         Harm     .   (no gloves)
MR       +....                  b - +2 pair of boots
Stlth    ++........             (no amulet)
HPRegen  0.00/turn              t - ring of protection from fire
MPRegen  0.16/turn              (no ring)

@: about to teleport, non-regenerating
A: damage resistance, heal wounds, clever 2, deterioration 1, sense surroundings
2, wild magic 1, no regeneration
a: Heal Wounds


You were on level 1 of the Abyss.
You were hungry.

You visited 2 branches of the dungeon, and saw 9 of its levels.
You visited the Abyss 1 time.

You collected 234 gold pieces.

Inventory:

Hand Weapons
 a - a +0 hand axe of venom
 m - a +5 dagger of electrocution (weapon)
 q - a +1 dagger of venom
Missiles
 j - 10 sling bullets
Armour
 b - a +2 pair of boots (worn)
 d - a +1 leather armour (worn)
 h - a +2 helmet (worn)
 u - a +0 cloak (worn)
 v - the +0 helmet of Ocwoefrolo {rF+ rN+ Slay-5 SInv}
   (You found it on level 7 of the Dungeon)

   It affects your accuracy and damage with ranged weapons and melee attacks
   (-5).
   It protects you from fire.
   It protects you from negative energy.
   It lets you see invisible.
Jewellery
 t - a ring of protection from fire (left hand)
Wands
 l - a wand of digging (6)
 s - a wand of acid (8)
 x - a wand of iceblast (14)
Scrolls
 f - 2 scrolls of amnesia
 g - 2 scrolls of fear
 i - 8 scrolls of identify
 o - 2 scrolls of remove curse
Potions
 e - a potion of might
 k - a potion of curing
 p - 2 potions of haste
 r - a potion of brilliance
 w - a potion of heal wounds
Comestibles
 c - 13 rations


   Skills:
 - Level 3.0 Fighting
 - Level 1.0 Axes
 - Level 1.5 Armour
 - Level 2.1 Dodging
 + Level 2.6 Stealth
 - Level 6.8 Spellcasting
 - Level 12.5 Necromancy
 + Level 0.0 Evocations


You had 12 spell levels left.
You knew the following spells:

 Your Spells              Type           Power        Failure   Level  Hunger
a - Pain                  Necr           ####         1%          1    None
b - Animate Skeleton      Necr           N/A          1%          1    None
e - Vampiric Draining     Necr           ######....   1%          3    ##.....
r - Animate Dead          Necr           N/A          1%          4    ####...

Your spell library contained the following spells:

 Spells                   Type           Power        Failure   Level  Hunger
 Flame Tongue             Conj/Fire      #....        21%         1    None
 Throw Flame              Conj/Fire      #.....       28%         2    None
 Portal Projectile        Hex/Tloc       #.....       47%         3    ##.....
 Bolt of Fire             Conj/Fire      #.........   100%        6    #######
 Regeneration             Chrm/Necr      Unusable     N/A         3    N/A

Dungeon Overview and Level Annotations

Branches:
Dungeon (8/15)             Temple (1/1) D:7
   Lair: D:8-11

Altars:
Ashenzari
Cheibriados
Dithmenos
Elyvilon
Fedhas
Gozag
Hepliaklqana
Kikubaaqudgha
Nemelex Xobeh
Qazlal
Ru
Sif Muna
Trog
Uskayaw
Vehumet
Wu Jian
Xom
Yredelemnul
Zin
The Shining One

Shops:
D:6 !

Annotations:
D:8 3 runed doors, Joseph, Psyche


Innate Abilities, Weirdness & Mutations

You are resistant to damage.
You can heal yourself by infusing magical energy.
You passively map the area around you.
You do not regenerate.
Your mind is very acute. (Int +4)
Your body sometimes deteriorates upon taking damage.
Your spells are a little harder to cast, but a little more powerful.


Message History

The Executioner hits you!
* * * LOW HITPOINT WARNING * * *
The Executioner hits you but does no damage.
The Executioner hits you. The Executioner closely misses you.
The Executioner hits you but does no damage.
You feel much better. The Executioner hits you. x2
The Executioner hits you but does no damage.
The Executioner hits you!!
* * * LOW HITPOINT WARNING * * *
Your body deteriorates!
You feel dopey.
The Executioner hits you but does no damage. x2
The Executioner barely misses you.
The Executioner hits you but does no damage. x2
You feel much better. The Executioner barely misses you. x2
The Executioner hits you! x2
* * * LOW HITPOINT WARNING * * *
The Executioner hits you. The Executioner closely misses you.
A Hell Sentinel comes into view.
The Executioner hits you!!
You die...

#. 1## .... .##.#
.... #.... ....
.#####...# ..#
.............#
...##...#..#
###........##
##......@....# .
#.......1....## ##.
..............###..
...........#..##. #
...................
............... ..
....#..............
............... ...
.........####.....


You could see a Hell Sentinel (wandering) and an Executioner.

Vanquished Creatures
  Erica (D:8)
  Prince Ribbit (D:7)
  A hippogriff (D:7)
  Sigmund (D:6)
  Eustachio (D:6)
  Menkaure (D:6)
  Edmund (D:6)
  A water moccasin (D:5)
  An orc warrior (D:6)
  A black bear (D:6)
  A sky beast (D:6)
  A phantom (D:4)
  An ice beast (D:6)
  2 ogres
  A necrophage (D:7)
  2 centaurs
  Blork the orc (D:6)
  2 bullfrogs
  3 scorpions
  2 howler monkeys
  A crimson imp (D:4)
  2 quasits
  A bullfrog zombie (D:7)
  5 jellies
  4 orc wizards
  Crazy Yiuf (D:7)
  3 hounds
  A bullfrog skeleton (D:8)
  3 centaur skeletons
  4 worker ants
  A killer bee zombie (D:7)
  2 hound skeletons
  7 adders
  A shadow imp (D:7)
  A worm (D:4)
  2 dart slugs (D:1)
  3 leopard geckos
  18 orcs
  10 bats
  4 giant cockroaches
  6 goblins
  3 hobgoblins
  6 jackals (D:1)
  6 kobolds
  3 quokkas
  3 frilled lizards
  A jackal zombie (D:5)
  A quokka zombie (D:5)
  5 rats
  A fungus (D:7)
135 creatures vanquished.

Vanquished Creatures (collateral kills)
  An orc wizard (D:8)
  A howler monkey zombie (D:8)
  A worm (D:4)
  A leopard gecko (D:6)
  5 orcs
  A goblin (D:3)
  A kobold (D:3)
11 creatures vanquished.

Vanquished Creatures (others)
  A starspawn tentacle (Abyss:1)
1 creature vanquished.

Grand Total: 147 creatures vanquished

Notes
Turn   | Place    | Note
-------+----------+-------------------------------------------
     0 | D:1      | Irenicus the Deep Dwarf Necromancer began the quest for the
                  | Orb.
     0 | D:1      | Reached XP level 1. HP: 15/15 MP: 3/3
   118 | D:1      | Learned a level 1 spell: Animate Skeleton
   220 | D:1      | Reached XP level 2. HP: 22/22 MP: 0/5
   295 | D:2      | Found an opulent altar of Gozag.
   319 | D:2      | Reached skill level 5 in Necromancy
   458 | D:2      | Reached XP level 3. HP: 25/28 MP: 0/6
   507 | D:2      | Found a faded altar of an unknown god.
   544 | D:2      | Gained mutation: Your body sometimes deteriorates upon
                  | taking damage. [potion of mutation]
   544 | D:2      | Gained mutation: Your mind is acute. (Int +2) [potion of
                  | mutation]
   544 | D:2      | Gained mutation: Your mind is very acute. (Int +4) [potion
                  | of mutation]
   544 | D:2      | Gained mutation: Your spells are a little harder to cast,
                  | but a little more powerful. [potion of mutation]
   685 | D:1      | Reached skill level 6 in Necromancy
   690 | D:1      | Learned a level 3 spell: Vampiric Draining
   885 | D:3      | Reached XP level 4. HP: 36/36 MP: 5/7
  1007 | D:3      | Reached skill level 1 in Axes
  1213 | D:4      | Reached XP level 5. HP: 14/42 MP: 4/9
  1269 | D:4      | Found a shattered altar of Ashenzari.
  1271 | D:4      | Found a shimmering altar of Xom.
  1272 | D:4      | Found a stormy altar of Qazlal.
  1532 | D:4      | Learned a level 4 spell: Animate Dead
  1562 | D:4      | Noticed a phantom
  1570 | D:4      | Killed a phantom
  1570 | D:4      | Reached skill level 1 in Fighting
  1570 | D:4      | Reached skill level 1 in Armour
  1570 | D:4      | Reached XP level 6. HP: 33/51 MP: 2/12
  1685 | D:5      | Entered Level 5 of the Dungeon
  1795 | D:5      | Found a basalt altar of Yredelemnul.
  1884 | D:5      | Reached XP level 7. HP: 29/61 MP: 13/13
  2103 | D:5      | Reached skill level 7 in Necromancy
  2153 | D:5      | Reached skill level 8 in Necromancy
  2342 | D:8      | Noticed Joseph
  2352 | D:8      | Found a runed gate.
  2352 | D:8      | Found a runed gate.
  2352 | D:8      | Found a runed gate.
  2382 | D:8      | Noticed Erica
  2409 | D:8      | Reached XP level 8. HP: 48/69 MP: 0/14
  2421 | D:8      | Killed Erica
  2421 | D:8      | Reached skill level 10 in Necromancy
  2523 | D:6      | Noticed Eustachio
  2523 | D:6      | Noticed Edmund
  2535 | D:6      | Killed Edmund
  2535 | D:6      | Reached skill level 11 in Necromancy
  2595 | D:6      | Killed Eustachio
  2595 | D:6      | Gained mutation: You passively map the area around you.
                  | [Deep Dwarf growth]
  2595 | D:6      | Reached XP level 9. HP: 43/75 MP: 1/14
  2712 | D:6      | Noticed Blork the orc
  2712 | D:6      | Noticed Sigmund
  2733 | D:6      | Killed Blork the orc
  2751 | D:6      | Killed Sigmund
  2751 | D:6      | Reached skill level 12 in Necromancy
  2808 | D:6      | Noticed Menkaure
  2831 | D:6      | Killed Menkaure
  2977 | D:6      | Found a blossoming altar of Fedhas.
  3033 | D:6      | Found Zeufuj's Distillery.
  3055 | D:7      | Reached skill level 5 in Spellcasting
  3207 | D:7      | Found a staircase to the Ecumenical Temple.
  3222 | Temple   | Entered the Ecumenical Temple
  3362 | D:7      | Found a runed door.
  3366 | D:7      | Noticed Crazy Yiuf
  3370 | D:7      | Killed Crazy Yiuf
  3432 | D:7      | Got a warped helmet
  3459 | D:7      | Identified the +0 helmet of Ocwoefrolo {rF+ rN+ Slay-5
                  | SInv} (You found it on level 7 of the Dungeon)
  3515 | D:7      | Found a stormy altar of Qazlal.
  3616 | D:7      | Identified Ytwakk's Almanac of the Blaze and the Compass
  3638 | D:7      | Noticed Prince Ribbit
  3647 | D:7      | Killed Prince Ribbit
  3750 | D:8      | Noticed Psyche
  3751 | D:8      | Cast into level 1 of the Abyss (Psyche)
  3751 | Abyss:1  | Found a corrupted altar of Lugonu.
  3802 | Abyss:1  | Noticed a bone dragon
  3816 | Abyss:1  | Noticed a bone dragon
  3850 | Abyss:1  | Noticed a tentacled starspawn
  3851 | Abyss:1  | Noticed a large abomination
  3861 | Abyss:1  | Found a corrupted altar of Lugonu.
  3865 | Abyss:1  | Noticed a large abomination
  3895 | Abyss:1  | Noticed an apocalypse crab
  3971 | Abyss:1  | Noticed an Executioner
  3980 | Abyss:1  | Noticed a Hell Sentinel
  3980 | Abyss:1  | Slain by an Executioner

Skill      XL: |  1  2  3  4  5  6  7  8  9 |
---------------+----------------------------+-----
Spellcasting   | 2 3 4 6 |  6.8
Necromancy     | 5 6 8 11 12 | 12.5
Axes           | 1 |  1.0
Fighting       | 1 2 3 |  3.0
Armour         | 1 |  1.5
Dodging        | |  2.1
Stealth        | |  2.6

Action                   |  1- 3 |  4- 6 |  7- 9 || total
-------------------------+-------+-------+-------++-------
Melee: Hand axe          |    41 |    15 |       ||    56
       Dagger            |       |    44 |   147 ||   191
Throw: Tomahawk          |       |       |     1 ||     1
 Cast: Pain              |    52 |    37 |    44 ||   133
       Animate Skeleton  |     5 |     9 |    12 ||    26
       Vampiric Draining |       |    12 |    44 ||    56
       Animate Dead      |       |       |     2 ||     2
 Abil: Heal Wounds       |       |       |    14 ||    14
Evoke: Wand              |       |     3 |     4 ||     7
  Use: Scroll            |     7 |     3 |    12 ||    22
       Potion            |     3 |     3 |     3 ||     9
 Stab: Sleeping          |     2 |     3 |       ||     5
       Distracted        |       |       |     2 ||     2
  Eat: Chunk             |     1 |     4 |     6 ||    11
       Ration            |       |       |     1 ||     1
Armor: Leather armour    |    22 |    22 |   157 ||   201
       Skin              |    11 |       |       ||    11
Dodge: Dodged            |    39 |    32 |   274 ||   345
